 Dungeon Crawl Stone Soup version 0.28.0-53-g5a82cb258f (webtiles) character file.

Game seed: 9778446722830314778

292 mrburnz the Cudgeller (level 6, 0/57 HPs)
             Began as a Minotaur Berserker on June 8, 2022.
             Was a Believer of Trog.
             Succumbed to a scorpion's poison
             ... on level 3 of the Dungeon on June 9, 2022.
             The game lasted 00:09:33 (2606 turns).

mrburnz the Cudgeller (Minotaur Berserker)          Turns: 2606, Time: 00:09:34

Health: 0/57       AC: 11    Str: 23    XL:     6   Next: 10%
Magic:  5/5        EV:  7    Int:  4    God:    Trog [**....]
Gold:   200        SH:  0    Dex: 10    Spells: 5/5 levels left

rFire   . . .      SeeInvis .   q - +0 mace (protect)
rCold   . . .      Faith    .   (no shield)
rNeg    . . .      Spirit   .   f - +0 plate armour
rPois   .          Reflect  .   (helmet restricted)
rElec   .          Harm     .   (no cloak)
rCorr   .          Rampage  .   (no gloves)
Will    .....                   (no boots)
Stlth   ..........              (no amulet)
HPRegen 0.19/turn               (no ring)
MPRegen 0.09/turn               (no ring)

@: lethally poisoned (0 -> -4), on berserk cooldown, slowed, very slow
A: horns 2, retaliatory headbutt
a: Renounce Religion, Berserk, Trog's Hand


You were on level 3 of the Dungeon.
You worshipped Trog.
Trog was pleased with you.
You visited 1 branch of the dungeon, and saw 4 of its levels.

You collected 200 gold pieces.

Inventory:

Hand Weapons
 q - a +0 mace of protection (weapon)
Armour
 b - a +0 animal skin
 f - a +0 plate armour (worn)
Scrolls
 c - 2 scrolls of teleportation {unknown}
 d - a scroll of fog
 h - 2 scrolls of immolation {unknown}
 i - a scroll of summoning {unknown}
 n - a scroll of holy word {unknown}
Potions
 e - 2 potions of lignification
 g - a potion of haste
 j - a potion of mutation {unknown}
 k - 3 potions of degeneration {unknown}
 l - 2 potions of curing {unknown}
 m - 2 potions of ambrosia
 o - a potion of flight {unknown}
 p - a potion of brilliance {unknown}


   Skills:
 + Level 5.8 Fighting
 + Level 6.8 Maces & Flails
 - Level 2.4 Armour
 - Level 2.2 Dodging
 + Level 0.4 Stealth


You had 5 spell levels left.
You didn't know any spells.
Your spell library was empty.

Dungeon Overview and Level Annotations

Branches:
Dungeon (4/15)
 Temple: D:4-7

Altars:

Shops:
D:3 =

Annotations:
D:4 Blork the orc


Innate Abilities, Weirdness & Mutations

You have a pair of horns on your head.
You reflexively headbutt those who attack you in melee.


Message History

The scorpion stings you but does no damage.
You closely miss the scorpion.
The scorpion is heavily wounded.
* * * LOW HITPOINT WARNING * * *
You feel very sick.
You completely miss the scorpion. Your headbutt misses the scorpion.
The scorpion is heavily wounded.
* * * LOW HITPOINT WARNING * * *
You feel very sick. The scorpion barely misses you.
You hit the scorpion.
The scorpion is severely wounded.
* * * LOW HITPOINT WARNING * * *
You feel very sick. The scorpion barely misses you. You furiously retaliate!
You headbutt the scorpion!
You kill the scorpion!
Trog accepts your kill.
You have reached level 6!
Unknown command.
* * * LOW HITPOINT WARNING * * *
You feel sick.
You feel a strong urge to attack something.
* * * LOW HITPOINT WARNING * * *
You feel sick.
* * * LOW HITPOINT WARNING * * *
You feel sick.
You feel your anger nearly subside.
You are no longer berserk.
You are exhausted.
You feel yourself slow down.
* * * LOW HITPOINT WARNING * * *
You feel sick.
* * * LOW HITPOINT WARNING * * *
You feel very sick.
There is a lethal amount of poison in your body!
There is a lethal amount of poison in your body!
There is a lethal amount of poison in your body!
There is a lethal amount of poison in your body!
There is a lethal amount of poison in your body!
You die...

#....PP≈≈♣≈P......########
#....P≈PPP≈PP###### #....
#....P≈P≈..### #....
#....P≈≈≈### #....
#.....#### ##### ###'###
#.)..# ####
#....#################...
#.>.....@................
#.†..#######......####...
######'#.# #......# ####
#......#.#######......#
#....#...#............#
#..[....>+............#
#....###...###..#######
#....##.....##..##
######[8...8.#...#


There were no monsters in sight!

Vanquished Creatures
  Sigmund (D:3)
  A scorpion (D:3)
  4 adders
  2 dart slugs (D:1)
  An orc (D:3)
  3 ball pythons
  5 bats
  7 endoplasms
  A giant cockroach (D:3)
  4 goblins
  4 hobgoblins
  2 frilled lizards
  4 kobolds
  7 rats
46 creatures vanquished.

Vanquished Creatures (others)
  3 plants (D:3)
3 creatures vanquished.

Grand Total: 49 creatures vanquished

Notes
Turn   | Place    | Note
-------+----------+-------------------------------------------
     0 | D:1      | mrburnz the Minotaur Berserker began the quest for the Orb.
     0 | D:1      | Reached XP level 1. HP: 19/19 MP: 0/0
   469 | D:1      | Reached XP level 2. HP: 27/27 MP: 1/1
   616 | D:1      | Reached skill level 4 in Maces & Flails
  1111 | D:2      | Reached XP level 3. HP: 34/34 MP: 2/2
  1685 | D:3      | Reached ** piety under Trog
  1704 | D:3      | Noticed Sigmund
  1732 | D:3      | Killed Sigmund
  1733 | D:3      | Reached skill level 5 in Fighting
  1733 | D:3      | Reached skill level 6 in Maces & Flails
  1733 | D:3      | Reached XP level 4. HP: 16/42 MP: 3/3
  1733 | D:3      | Reached XP level 5. HP: 18/48 MP: 4/4
  2352 | D:3      | Found Weaxkaf's One-of-a-Kind Rings.
  2574 | D:4      | Noticed Blork the orc
  2601 | D:3      | Reached XP level 6. HP: 12/57 MP: 5/5
  2605 | D:3      | HP: 1/57 [poisoned by a scorpion]
  2606 | D:3      | Succumbed to a scorpion's poison

Illustrated notes

Levels and vault maps discovered:
D:1:      zaba_arrival_water, layout_loops_ring,
          shapermc_ecumenical_altar_petra, kennysheep_crisscross
D:2:      layout_basic
D:3:      layout_basic, wad_floor_pattern_untrapped, serial_bayou_lagoon_a,
          serial_park_tiny_2, nicolae_shop_unique_rings, uniq_sigmund
D:4:      layout_cave_pods, serial_glass, glass_columns_a, glass_columns_c,
          minmay_strange_pillars, feat_on_display, minmay_strange_pillars,
          uniq_blork_the_orc, uniq_pikel

Skill      XL: |  1  2  3 |
---------------+----------+-----
Fighting       | 4 5 |  5.8
Maces & Flails | 4 6 |  6.8
Armour         | |  2.4
Dodging        | |  2.2
Stealth        | |  0.4

Action                   |  1- 3 |  4- 6 || total
-------------------------+-------+-------++-------
Melee: Mace              |    70 |    34 ||   104
       Headbutt          |     8 |     3 ||    11
       Punch             |     2 |     1 ||     3
Invok: Berserk           |       |     1 ||     1
  Use: Scroll            |     4 |       ||     4
       Potion            |     2 |       ||     2
Armor: Plate armour      |    22 |    25 ||    47
       Animal skin       |     2 |       ||     2
Dodge: Dodged            |    20 |     7 ||    27
